 Dungeon Crawl Stone Soup version 0.31-a0-542-gdc2a67831c (webtiles) character file.

Game seed: 2983695631589940940

49 GordonOverkill the Sneak (level 3, 0/20 HPs)
             Began as a Vine Stalker Delver on Aug 14, 2023.
             Slain by a sky beast (1 damage)
             ... on level 6 of the Dungeon.
             The game lasted 00:02:38 (197 turns).

GordonOverkill the Sneak (Vine Stalker Delver)       Turns: 197, Time: 00:02:39

Health: 0/20       AC:  3    Str: 16    XL:     3   Next: 77%
Magic:  0/4        EV: 11    Int: 10    God:
Gold:   0          SH:  0    Dex: 15    Spells: 2/2 levels left

rFire   . . .        i - +0 war axe
rCold   . . .        (no shield)
rNeg    . . .        b - +0 leather armour
rPois   .            (no helmet)
rElec   .            (no cloak)
rCorr   .            (no gloves)
SInv    .            (no boots)
Will    .....        (no amulet)
Stlth   +++          (no ring)
HPRegen 0.23/turn    (no ring)
MPRegen 0.09/turn

%: guardian spirit
@: no status effects
A: fangs 2, magic shield, antimagic bite, no potion heal 2
a: no special abilities


You were on level 6 of the Dungeon.
You visited 1 branch of the dungeon, and saw 4 of its levels.

Inventory:

Hand Weapons
 a - a +0 mace
 i - a +0 war axe (weapon)
Armour
 b - a +0 leather armour (worn)
 j - a +0 chain mail
Wands
 g - a wand of digging (3)
 k - a wand of roots (3)
Scrolls
 c - 2 scrolls of fog
 e - a scroll of fear
 h - a scroll of identify {unknown}
Potions
 f - a potion of haste


   Skills:
 + Level 3.3 Fighting
 + Level 1.6(2.1) Axes
 - Level 1.7(2.1) Maces & Flails
 - Level 1.5 Dodging
 - Level 6.0 Stealth
 + Level 1.1 Evocations


You had 2 spell levels left.
You didn't know any spells.
Your spell library was empty.

Dungeon Overview and Level Annotations

Branches:
Dungeon (7/15)
 Temple: D:4-7

Altars:

Annotations:
D:5 exclusions: jelly and upstairs


Innate Abilities, Weirdness & Mutations

You have extremely sharp teeth.
When hurt, damage is shared between your health and your magic reserves.
Your bite disrupts and absorbs the magic of your enemies.
Potions cannot restore your health.


Message History

Roots grab the orc.
Roots grab the sky beast.
The grasping roots constrict the sky beast.
The grasping roots constrict the orc.
The sky beast closely misses you.
You hit the sky beast. You bite the sky beast. You drain its power.
The sky beast is lightly wounded.
You hit the orc.
You kill the orc!
You hear the slow rusting of a very distant drain.
The grasping roots constrict the sky beast!
The roots release their grip on the sky beast.
The sky beast hits you. The sky beast shocks you.
* * * LOW HITPOINT WARNING * * *
The sky beast misses you. The orc hits you but does no damage.
You hit the sky beast. Your bite misses the sky beast.
The sky beast is heavily wounded.
You hit the orc.
You kill the orc!
The sky beast hits you.
* * * LOW HITPOINT WARNING * * *
The sky beast shocks you.
* * * LOW HITPOINT WARNING * * *
Aiming: Fastroot
Press: ? - help, Shift-Dir - straight line, f - sky beast
Aim: a sky beast (heavily wounded)
The roots erupt in riotous growth!
Roots grab the sky beast.
The grasping roots constrict the sky beast.
The sky beast hits you but does no damage.
You hit the sky beast.
The sky beast is severely wounded.
The grasping roots constrict the sky beast!
The roots release their grip on the sky beast.
The sky beast flickers out of sight!
Deactivating autopickup; reactivate with Ctrl-A.
Something hits you.
* * * LOW HITPOINT WARNING * * *
Something shocks you.
* * * LOW HITPOINT WARNING * * *
Something hits you.
You die...

******,,,,......* *,*
,,,,**,,,,,.o...* *,*
,,,,**,,,,,,....## *,*
,,,,**,,,,,,,o...# *,*
,,,,**,,,,,,,,...# *,*
,,,,**,,,,,,,,,?.# **,***
,,,,***********#.# *,,,,*
,,,,* #)# *,,*,*
,,,,********** #@# *,,*,#
,,,,,,,,,,,,,* #{# *,,..#
*,,,,,,,,,,,,* #.####...#
*,,,,,,,,,,,,###>.......#
*,,,,,,,,,,,,+.....####.*
*,,,,,,,,....#####.####.*
****+****##..#####.####.*
*,****##..#####.####.*
*,*,,,....#####.####.*


There were no monsters in sight!

Vanquished Creatures
  A hound (D:6)
  An adder (D:5)
  3 orcs (D:6)
5 creatures vanquished.

Notes
Turn   | Place    | Note
-------+----------+-------------------------------------------
     0 | D:5      | GordonOverkill the Vine Stalker Delver began the quest for
                  | the Orb.
     0 | D:5      | Reached XP level 1. HP: 11/11 MP: 2/2
     6 | D:5      | Noticed a jelly
    33 | D:4      | Noticed a hound
    49 | D:5      | Reached skill level 1 in Axes
    49 | D:5      | Reached XP level 2. HP: 3/16 MP: 1/3
   188 | D:6      | Reached skill level 1 in Evocations
   188 | D:6      | Reached XP level 3. HP: 17/20 MP: 4/4
   190 | D:6      | Noticed a sky beast
   197 | D:6      | HP: 1/20 [something (4)]
   197 | D:6      | Slain by a sky beast

Illustrated notes

Levels and vault maps discovered:
D:4:      layout_rooms
D:5:      layout_rooms, uniq_eustachio
D:6:      layout_basic, mainiacjoe_overflow_catwalk, minitemple,
          portal_sewer_entry_a, water_boxes_lemuel
D:7:      layout_basic, trog_butcher_becter,
          minmay_temple_entry_drinking_statues, enter_bailey_3, uniq_menkaure,
          uniq_pikel

Skill      XL: |  1  2 |
---------------+-------+-----
Fighting       | 3 |  3.3
Axes           | 1 |  1.6
Evocations     | 1 |  1.1
Maces & Flails | |  1.7
Dodging        | |  1.5
Stealth        | |  6.0

Action                     || total
---------------------------++-------
  Melee: War axe           ||    11
         Bite              ||     1
  Evoke: Wand              ||     5
    Use: Scroll            ||     1
 Armour: Leather armour    ||     4
  Dodge: Dodged            ||    15

Table legend: (Time is in decaauts)
 A = Elapsed time spent in this place.
 B = Non-inter-level travel time spent in this place.
 C = Inter-level travel time spent in this place.
 D = Time resting spent in this place.
 E = Time spent auto-exploring this place.
 F = Levels seen in this place.
 G = Mean time per level.
                   A        B        C        D        E       F      G
               +--------+--------+--------+--------+--------+-----+--------+
         Total |    201 |    201 |      0 |     62 |      0 |   4 |   50.2 |
       Dungeon |    201 |    201 |      0 |     62 |      0 |   4 |   50.2 |
               +--------+--------+--------+--------+--------+-----+--------+

Top non-repeatable levels by time:
     D:5: 131 daAuts
     D:6: 51 daAuts
     D:4: 16 daAuts
     D:7: 1 daAuts
